 Dungeon Crawl Stone Soup version 0.10.0-32-gfa280cc character file.

1507275 Daydreamer the Heavyweight Champion (level 26, 259/259 (266) HPs)
             Began as a Troll Hunter on Mar 11, 2012.
             Was a High Priest of Okawaru.
             Escaped with the Orb
             ... and 3 runes on Apr 1, 2012!
             The game lasted 15:00:22 (80755 turns).

Daydreamer the Heavyweight Champion (Troll Hunter) Turns: 80755, Time: 15:00:22

HP 259/259 (266) AC 36     Str 31 (32) XL: 26   Next:  9%
MP  16/16        EV  4     Int  8 (10) God: Okawaru [*****.]
Gold 2923        SH 43     Dex 10 (11) Spells:  0 memorised, 25 levels left

Res.Fire  : + + +   See Invis. : +     - Unarmed
Res.Cold  : + . .   Warding    : . . Z - +9 gold dragon armour
Life Prot.: . . .   Conserve   : +   K - +0 large shield {AC+3} {god gift}
Res.Acid. : + . .   Res.Corr.  : +   z - +1 elf cap {SInv} {god gift}
Res.Poison: +       Clarity    : +   V - +0 cloak {rCorr, Cons} {god gift}
Res.Elec. : .       Spirit.Shd : .   (gloves unavailable)
Sust.Abil.: . .     Stasis     : .   (boots unavailable)
Res.Mut.  : .       Ctrl.Telep.: x   o - amulet of clarity
Res.Rott. : .       Levitation : .   h - ring of protection from fire
Gourmand  : +       Ctrl.Flight: .   p - ring of Shouhyev {rF+ Int+3 Acc+4}

@: quite resistant to hostile enchantments, extremely unstealthy
A: unfitting armour, claws 3, berserk 2, blurry vision 1, deformed body,
deterioration 2, herbivore 2, fast metabolism 3, gourmand, -30% mp, regeneration
2, saprovore 2, screaming 1, tough skin 2, AC +2, Str -1, Int -1
a: Heroism, Finesse, Renounce Religion
}: 3/15 runes: decaying, barnacled, silver


You escaped.
You worshipped Okawaru.
Okawaru was exalted by your worship.
You were not hungry.

You visited 7 branches of the dungeon, and saw 62 of its levels.
You visited 1 Labyrinth.
You visited 1 bazaar.
You visited 3 portal chambers: sewer, bailey, wizlab.

You collected 5852 gold pieces.
You spent 2949 gold pieces at shops.

Inventory:

Missiles
 d - 7 +0 javelins of penetration
 f - 7 steel +1 javelins
 r - 4 +5 large rocks (quivered)
 t - a curare-tipped +4 needle
Armour
 a - the cursed +3 cloak of Flash {+Lev EV+4}
   (You bought it in a shop on level 4 of the Orcish Mines)

   It affects your evasion (+4).
   It lets you levitate.
   It has a curse placed upon it.
 s - the +2 wizard hat of Wonder {god gift, rC+}
   (Okawaru gifted it to you on level 21 of the Dungeon)

   It protects you from cold.
 z - a +1 elven cap of see invisible (worn) {god gift}
 K - a +0 large shield of protection (worn) {god gift}
 V - a +0 cloak of preservation (worn) {god gift}
 Z - a +9 gold dragon armour (worn)
Magical devices
 c - a wand of heal wounds (5)
 D - a wand of teleportation (5)
 J - a wand of digging (8)
 P - a wand of fireball (1)
 T - a wand of heal wounds (5)
 Y - a wand of teleportation (8)
Comestibles
 G - 12 bread rations
 R - an apple
Scrolls
 g - 3 scrolls of recharging
 u - 2 scrolls of remove curse
 y - 4 scrolls of detect curse
 E - a scroll of identify
 Q - a scroll of fear
Jewellery
 h - a ring of protection from fire (right claw)
 i - an uncursed amulet of stasis
 l - an uncursed ring of protection from cold
 n - the amulet "Thunugeh" {Gourm rElec Dex+1}
   (You found it on level 23 of the Dungeon)

   [amulet of the gourmand]

   It affects your dexterity (+1).
   It insulates you from electricity.
 o - an amulet of clarity (around neck)
 p - the ring of Shouhyev (left claw) {rF+ Int+3 Acc+4}
   (You found it on level 1 of the Realm of Zot)

   [ring of protection from fire]

   It affects your intelligence (+3).
   It affects your accuracy (+4).
 x - a +2 ring of strength
 B - an uncursed amulet of warding
 L - an uncursed amulet of rage
 N - the ring of Dycver {Ice +Inv Dam+4}
   (You found it on level 2 of the Shoals)

   [ring of ice]

   It affects your damage-dealing abilities (+4).
   It lets you turn invisible.
 S - an uncursed ring of teleport control
 U - an uncursed ring of teleportation
Potions
 k - 5 potions of might
 q - a potion of invisibility
 A - 2 potions of agility
 C - 2 potions of restore abilities
 F - 7 potions of curing
Magical staves
 b - a +4 rod of warding (13/13)
   (You found it on level 21 of the Dungeon)
Orbs of Power
 j - the Orb of Zot


   Skills:
 + Level 15.9 Fighting
 - Level 10.1 Throwing
 + Level 21.8 Armour
 - Level 1.5 Dodging
 - Level 0.4 Stealth
 - Level 15.0 Shields
 - Level 10.0 Traps & Doors
 O Level 27 Unarmed Combat
 - Level 5.1 Invocations
 - Level 10.0 Evocations


You had 25 spell levels left.
You didn't know any spells.

Dungeon Overview and Level Annotations

Branches:
Dungeon (27/27)            Temple (0/1) D:5             Orc (4/4) D:11
    Elf (0/5) Orc:4          Lair (8/8) D:10          Swamp (5/5) Lair:3
 Shoals (5/5) Lair:5        Slime (0/6) Lair:8        Vault (8/8) D:17
  Blade (0/1) Vault:5       Crypt (0/5) Vault:4         Zot (5/5) D:27

Altars:
Elyvilon
Fedhas
Nemelex Xobeh
Okawaru
The Shining One
Trog
Vehumet
Xom
Yredelemnul
Zin
Beogh
Jiyva

Shops:
D:4: [ D:13: ! D:14: * D:20: *=* D:22: (+* Orc:1: * Orc:2: = Orc:4: /!**? Vault:2: % Vault:7: *

Portals:
Hell: D:22 D:23 D:24 D:25 D:26 D:27
Abyss: D:22 D:25 D:27
Pan: D:24 D:25 D:27
Trove: D:26 (give 13 potions of heal wounds)

Annotations
D:4 geisterkleister's ghost, average DEFE
D:8 exclusion: 2 doors
D:9 4 exclusions
D:14 exclusion: oklob sapling
D:21 exclusion: orange crystal statue
D:23 BORIS!!!!!, Boris
D:24 exclusion: door
D:26 1 exclusion
Lair:6 exclusions: 3 oklob plants and oklob sapling
Shoals:5 exclusion: oklob plant
Vault:2 ancient champion vault, exclusion: ice statue
Vault:3 exclusion: upstairs
Zot:4 exclusion: door


Innate Abilities, Weirdness & Mutations

You are too large for most types of armour.
You have claws for hands.
Your metabolism is lightning-fast.
You like to eat raw meat.
You heal very quickly.
You can eat rotten meat.
You are covered in fur (AC +1).
You have very tough skin (AC +2).
You are partially covered in molten scales (AC +1).
You often lose your temper in combat.
Your vision is a little blurry.
Armour fits poorly on your strangely shaped body.
Your body is deteriorating.
You are dopey (Int -1).
You digest meat very inefficiently.
Your magical capacity is extremely low (-30% MP).
You occasionally shout uncontrollably.
You are weak (Str -1).


Message History

Your hands slow down.
A reaper comes into view. It is wielding a glowing scythe.
There is a stone staircase leading up here.
You climb upwards.
You sense a powerful magical force warping space.
There is a stone staircase leading down here.
There is an open door here.
A small abomination comes into view.
You eviscerate the small abomination!!!
You destroy the small abomination!
Okawaru accepts your kill.
Evoke which item? (* to show all) (? for menu, Esc to quit)
Zapping:
J - a wand of digging (9)
Press: ? - help, Shift-Dir - straight line The rock liquefies and sinks out of sight.
This wand has 8 charges left.
There is a fountain of clear blue water here.
There is a staircase leading out of the dungeon here.
Are you sure you want to win?
You have escaped!

#......................).........
#########.###.###.###........####
#.# #.# #.# #........#
#########.###.###.#####.######
#.............##.......)#
..##############.######)# #.#
#..<..# #...## #.# #.# #.###.#
#.⌠..####.# #)# #.....#
#.@..'.##.# #.# ###.###
#)⌠..#.##.# #.# #'# #...##.##.#
#.######.#######.###.##.#########
#................................
#.####.########.#######.#########
#.####.########'####....#
#.#..#(#.>##.......#....#
#.##.#'#.####..>..##....#


There were no monsters in sight!

Vanquished Creatures
  A pandemonium lord (D:3)
  5 orbs of fire
  8 ancient liches (Zot:5)
  A curse toe (Zot:2)
  A Killer Klown (Zot:5)
  Norris (D:17)
  Mara (Vault:7)
  Mennas (D:21)
  8 golden dragons
  An illusory Mara (Vault:7)
  Frederick (D:20)
  2 electric golems (Zot:5)
  Nikola (Orc:4)
  2 liches
  2 titans
  18 Orb Guardians (Zot:5)
  The ghost of Dragongem the Warrior, a mighty DsFi of Makhleb (D:26)
  19 shadow dragons
  4 ghost moths
  A quicksilver dragon (D:27)
  2 sphinxes
  15 storm dragons
  Kirke (D:14)
  Rupert (D:17)
  Agnes (Swamp:2)
  Frances (D:19)
  3 draconian monks
  Aizul (Vault:1)
  A Shadow Fiend (D:21)
  5 draconian knights
  6 frost giants
  Ilsuiw (Shoals:3)
  2 draconian scorchers
  Wiglaf (Shoals:4)
  6 bone dragons
  8 tentacled monstrosities
  Maud (D:21)
  2 draconian shifters
  Gastronok (Lair:6)
  4 draconian zealots
  50 stone giants
  An orc warlord (Orc:4)
  5 fire giants
  6 draconian annihilators
  3 draconian callers
  7 grey draconians
  4 green draconians
  7 red draconians
  Jozef (Lair:1)
  5 purple draconians
  7 mottled draconians
  7 pale draconians
  A dire elephant (Lair:8)
  8 yellow draconians
  5 black draconians
  7 white draconians
  24 vault guards (Vault:7)
  An anaconda (shapeshifter) (Vault:7)
  Snorg (D:10)
  6 ettins
  58 yaktaur captains
  A minotaur (Lab)
  10 dragons
  2 great orbs of eyes (Vault:6)
  18 hydras
  2 storm dragon skeletons
  Erica (Orc:2)
  Josephine (D:14)
  14 death cobs
  5 merfolk javelineers
  8 ice dragons
  A hydra (shapeshifter) (D:27)
  3 dancing weapons (D:21)
  3 merfolk aquamancers (Shoals:5)
  9 ogre magi
  The ghost of Mietzsche the Nimble, an experienced TrMo of Xom (D:13)
  A shadow dragon zombie (Vault:5)
  3 draconians (shapeshifter)
  2 deep elf demonologists (Vault:8)
  8 orc high priests
  A merfolk impaler (Shoals:3)
  2 deep elf high priests (Vault:8)
  4 stone giant zombies
  A frost giant zombie (D:20)
  A sphinx zombie (Vault:2)
  8 alligators
  2 draconian zombies
  A shadow dragon skeleton (D:24)
  7 death yaks
  13 centaur warriors
  A sphinx skeleton (D:21)
  7 very ugly things
  Nergalle (D:14)
  A sun demon (D:22)
  6 skeletal warriors
  14 deep trolls
  7 stone giant skeletons
  2 death drakes (D:21)
  12 deep elf knights
  A soul eater (D:18)
  2 large abominations
  5 iron trolls
  9 flayed ghosts
  A white draconian zombie (Zot:3)
  27 orc knights
  5 swamp dragons
  2 shadow wraiths (Zot:5)
  A yellow draconian zombie (Zot:3)
  A pale draconian zombie (Zot:3)
  9 hill giants
  3 sea snakes
  2 ice devils
  3 unseen horrors
  An ice statue (Vault:2)
  A flaming corpse (Zot:5)
  5 giant amoebae
  A hellion (D:18)
  A giant amoeba (shapeshifter) (Vault:8)
  A harpy (shapeshifter) (D:26)
  3 orc sorcerers
  Urug (Orc:4)
  12 harpies
  A necromancer (Vault:4)
  3 iron troll skeletons
  7 spiny worms
  A shining eye (shapeshifter) (Vault:8)
  12 cyclopes
  6 red wasps
  A wolf spider zombie (D:12)
  2 harpy skeletons
  A guardian serpent (shapeshifter) (Vault:8)
  A griffon zombie (D:15)
  3 phantasmal warriors
  2 spiny worms (shapeshifter)
  9 griffons
  6 black mambas
  A red wasp zombie (D:13)
  25 moths of wrath
  A fire crab (Vault:5)
  2 elephant slugs
  3 elves (shapeshifter)
  7 elephants
  10 feature mimics
  A spiny worm zombie (D:17)
  An ettin skeleton (Vault:4)
  2 trapdoor spiders
  A griffon skeleton (D:14)
  A yaktaur (shapeshifter) (D:22)
  77 slime creatures
  A rock troll (shapeshifter) (D:20)
  A hellwing (Orc:4)
  60 yaktaurs
  6 guardian mummies
  8 rock trolls
  A hill giant zombie (D:13)
  13 spiny frogs
  99 ugly things
  A green draconian simulacrum (Zot:5)
  11 mermaids
  3 iron devils
  A smoke demon (Zot:1)
  Grinder (D:3)
  2 rock troll zombies
  10 trolls
  7 komodo dragons
  A hill giant skeleton (D:18)
  3 spriggans (shapeshifter)
  19 two-headed ogres
  4 redbacks
  13 snapping turtles
  A polar bear (Lair:5)
  4 bog mummies
  18 blink frogs
  A brown ooze (shapeshifter) (D:24)
  3 rock troll skeletons
  6 baby alligators
  4 deep troll skeletons
  An octopode (shapeshifter) (Vault:5)
  5 basilisks
  6 wandering mushrooms
  2 vampires (D:21)
  A red wasp simulacrum (D:21)
  6 sharks
  49 yaks
  5 bumblebees
  A blue devil (Zot:2)
  A ynoxinul (D:3)
  A hell beast (Vault:7)
  4 hungry ghosts
  4 wraiths
  Eustachio (D:4)
  A blink frog skeleton (D:26)
  38 vampire mosquitoes
  15 war dogs
  5 fire drakes
  3 neqoxecs (D:21)
  3 wyverns
  8 deep elf fighters
  4 hogs (D:14)
  3 steam dragons (D:27)
  18 hippogriffs
  A merfolk (shapeshifter) (Vault:8)
  25 merfolk
  2 spiny worm simulacra
  3 water elementals
  A deep elf summoner (D:17)
  A hippogriff (shapeshifter) (Vault:1)
  7 manticores
  6 mottled dragons
  3 rock worms
  A soldier ant (shapeshifter) (D:22)
  40 swamp worms
  3 yaktaur skeletons
  47 orc warriors
  A small abomination (D:1)
  14 freezing wraiths
  15 ice beasts
  A soldier ant (D:18)
  6 sky beasts
  10 hell hounds
  49 ogres
  2 yellow wasps
  A human (shapeshifter) (Vault:8)
  3 phantoms
  13 insubstantial wisps
  A cyclops skeleton (Vault:1)
  A troll zombie (D:14)
  3 yak skeletons
  2 boring beetles
  13 human simulacra (D:21)
  35 centaurs
  12 swamp drakes
  17 crocodiles
  3 big kobolds
  A boulder beetle zombie (D:14)
  6 wolves (D:21)
  9 giant slugs
  5 brain worms (D:21)
  5 deep elf magi
  19 wargs
  4 gnoll sergeants (D:5)
  A yellow wasp zombie (D:22)
  A crocodile (shapeshifter) (D:26)
  4 giant leeches
  14 giant frogs
  A soldier ant zombie (D:13)
  18 water moccasins
  7 agate snails
  3 basilisk skeletons
  A warg zombie (D:24)
  A water moccasin skeleton (D:4)
  An eye of draining (D:14)
  3 grizzly bear simulacra (Vault:4)
  2 troll simulacra (D:21)
  9 wights
  A centaur simulacrum (D:21)
  12 boulder beetles
  21 killer bees
  19 jellyfish
  2 big kobold zombies
  A mottled dragon zombie (D:13)
  2 quasits
  18 big fish
  A big kobold skeleton (D:14)
  A brain worm zombie (D:24)
  5 goliath beetles
  8 crimson imps
  22 hounds
  2 gnoll shamans (D:5)
  22 electric eels
  7 shadows
  Crazy Yiuf (D:3)
  A hound zombie (D:14)
  50 orc priests
  9 iguanas
  10 worker ants
  2 worker ant zombies
  5 orange rats
  5 scorpions
  23 sheep
  2 deep elf soldiers (D:25)
  28 orc wizards
  8 porcupines
  2 hound simulacra (Vault:4)
  5 ogre simulacra (D:21)
  Jessica (D:2)
  8 jellies
  3 boggarts (D:21)
  2 goliath beetle zombies
  5 mummies
  37 gnolls
  5 giant centipedes
  41 green rats
  An iguana zombie (D:2)
  A lemure (D:21)
  A shadow imp (D:18)
  34 adders
  An iguana skeleton (D:13)
  2 orc skeletons
  An adder skeleton (D:7)
  7 giant mites
  4 worms
  3 ufetubi
  4 sheep simulacra (Vault:4)
  5 grey rats
  2 giant eyeballs
  7 giant geckos
  2 gnoll skeletons
  2 oozes
  188 orcs
  8 giant cockroaches
  24 hobgoblins
  50 kobolds
  13 quokkas
  3 ball pythons
  61 bats
  10 giant newts
  5 giant spores
  29 goblins
  A hobgoblin skeleton (D:4)
  31 jackals
  8 orc zombies
  3 quokka skeletons
  36 rats
  2 rat simulacra (Vault:4)
  18 ballistomycetes
  A butterfly (Shoals:4)
  2 crawling corpses (Zot:1)
  2 fungi
  5 plants
  21 toadstools
2763 creatures vanquished.

Vanquished Creatures (collateral kills)
  2 electric eels (D:10)
  A crimson imp (D:10)
  A rat (D:12)
4 creatures vanquished.

Vanquished Creatures (others)
  A draconian monk (Zot:4)
  A draconian scorcher (Zot:4)
  A draconian annihilator (Zot:4)
  2 draconian callers (Zot:4)
  A pale draconian (Zot:4)
  A siren (Shoals:5)
  A merfolk javelineer (Shoals:5)
  An unseen horror (D:26)
  A deep elf knight (D:25)
  A cyclops (Vault:2)
  A yaktaur (D:27)
  A slime creature (D:13)
  A bog mummy (Swamp:2)
  A fire drake (Zot:3)
  A deep elf fighter (D:25)
  A ynoxinul (Zot:2)
  An orc warrior (D:22)
  2 centaurs
  An ogre (D:27)
  3 swamp drakes
  A water moccasin (Lair:7)
  A giant frog (Swamp:4)
  2 electric eels (Zot:4)
  A jellyfish (Zot:4)
  A big fish (Zot:4)
  A hound (D:7)
  A scorpion (D:15)
  A sheep (D:18)
  5 orcs
  A giant cockroach (D:24)
  A goblin (D:21)
  3 jackals
  A giant spore (D:20)
  A kobold (D:10)
  An orc zombie (D:24)
  A rat (Swamp:4)
  3 ballistomycetes (D:20)
  4 fungi
  3 plants
  35 toadstools
92 creatures vanquished.

Grand Total: 2859 creatures vanquished

Notes
Turn   | Place    | Note
--------------------------------------------------------------
     0 | D:1      | Daydreamer, the Troll Hunter, began the quest for the Orb.
     0 | D:1      | Reached XP level 1. HP: 20/20 MP: 0/0
   276 | D:1      | Reached XP level 2. HP: 25/28 MP: 0/0
   882 | D:2      | Found an iron altar of Okawaru.
   886 | D:2      | Became a worshipper of Warmaster Okawaru
   977 | D:2      | Reached XP level 3. HP: 28/35 MP: 1/1
   993 | D:2      | Reached skill level 4 in Unarmed Combat
  1164 | D:2      | Noticed an iguana zombie
  1176 | D:2      | Killed an iguana zombie
  1293 | D:2      | Noticed Jessica
  1294 | D:2      | Killed Jessica
  1294 | D:2      | Reached XP level 4. HP: 42/42 MP: 1/1
  1316 | D:2      | Acquired Okawaru's first power
  1648 | D:3      | Reached skill level 5 in Unarmed Combat
  1660 | D:3      | Reached skill level 1 in Invocations
  1724 | D:3      | Reached XP level 5. HP: 42/49 MP: 1/3
  1756 | D:3      | Noticed Grinder
  1770 | D:3      | Killed Grinder
  1770 | D:3      | Reached XP level 6. HP: 43/58 MP: 3/6
  2021 | D:3      | Noticed Crazy Yiuf
  2034 | D:3      | Killed Crazy Yiuf
  2034 | D:3      | Reached skill level 5 in Invocations
  2580 | D:4      | Reached XP level 7. HP: 61/66 MP: 8/8
  2620 | D:4      | Found Piuconk's Antique Armour Emporium.
  2625 | D:4      | Bought a glowing cloak for 26 gold pieces
  2924 | D:4      | Noticed Eustachio
  2930 | D:4      | Found a white marble altar of Elyvilon.
  2954 | D:4      | Killed Eustachio
  3197 | D:4      | Noticed geisterkleister's ghost (average DEFE)
  3389 | D:5      | Entered Level 5 of the Dungeon
  3741 | D:5      | Reached skill level 5 in Fighting
  3791 | D:5      | Reached XP level 8. HP: 68/78 MP: 8/8
  4059 | D:5      | Found a staircase to the Ecumenical Temple.
  4072 | D:5      | Found a glowing drain. 4105
                  | sewer
                  | Entered the sewers 4121
                  | sewer
                  | Noticed sydd's ghost (average OgSk)
  4222 | D:5      | Reached skill level 6 in Unarmed Combat
  4972 | D:6      | Reached skill level 7 in Unarmed Combat
  5299 | D:6      | Found a basalt altar of Yredelemnul.
  5828 | D:7      | Paralysed by a giant eyeball for 3 turns
  6034 | D:7      | Reached skill level 8 in Unarmed Combat
  6056 | D:7      | Reached XP level 9. HP: 73/85 MP: 10/10
  6207 | D:7      | Found a glowing silver altar of Zin.
  6482 | D:8      | Reached skill level 9 in Unarmed Combat
  6516 | D:8      | Acquired Okawaru's second power
  6852 | D:8      | Reached skill level 10 in Unarmed Combat
  6915 | D:8      | Found a shimmering altar of Xom.
  6925 | D:8      | Found a bloodstained altar of Trog.
  6925 | D:8      | Noticed a deep troll skeleton
  7245 | D:8      | Reached skill level 5 in Throwing
  8132 | D:9      | Found a flagged portal. 8190
                  | bailey
                  | Entered the bailey 8264
                  | bailey
                  | Received a gift from Okawaru 8545
                  | bailey
                  | Reached XP level 10. HP: 25/93 MP: 8/11
  9263 | D:9      | Reached skill level 1 in Shields
  9715 | D:10     | Entered Level 10 of the Dungeon
  9824 | D:10     | Reached skill level 5 in Shields
  9916 | D:10     | Found a staircase to the Lair.
  9927 | D:10     | Noticed Snorg
  9929 | Lair:1   | Entered Level 1 of the Lair of Beasts
 10013 | Lair:1   | Noticed Jozef
 10054 | Lair:1   | Killed Jozef
 10251 | Lair:1   | Reached XP level 11. HP: 99/101 MP: 9/12
 11661 | Lair:3   | Received a gift from Okawaru
 11823 | Lair:3   | Found a staircase to the Swamp.
 11921 | Lair:4   | Reached skill level 11 in Unarmed Combat
 12014 | Lair:4   | Reached skill level 12 in Unarmed Combat
 13019 | Lair:5   | Received a gift from Okawaru
 13043 | Lair:5   | Reached skill level 13 in Unarmed Combat
 13097 | Lair:5   | Found a staircase to the Shoals.
 13176 | Lair:5   | Reached XP level 12. HP: 92/110 MP: 11/14
 13536 | Lair:5   | Received a gift from Okawaru
 13599 | Lair:5   | Reached skill level 14 in Unarmed Combat
 14067 | Lair:6   | Reached skill level 15 in Unarmed Combat
 14301 | Lair:6   | Found a blossoming altar of Fedhas.
 14530 | Lair:6   | Noticed Gastronok
 14542 | Lair:6   | Killed Gastronok
 14542 | Lair:6   | Reached skill level 16 in Unarmed Combat
 15299 | Lair:6   | Reached skill level 17 in Unarmed Combat
 15534 | Lair:7   | Reached XP level 13. HP: 110/117 MP: 13/15
 15941 | Lair:8   | Entered Level 8 of the Lair of Beasts
 16021 | Lair:8   | Reached skill level 18 in Unarmed Combat
 16314 | Lair:8   | Received a gift from Okawaru
 16343 | Lair:8   | Found a staircase to the Slime Pits.
 16344 | Lair:8   | Found a viscous altar of Jiyva.
 16804 | Lair:8   | Noticed a redback
 16812 | Lair:8   | Killed a redback
 16847 | Lair:8   | Reached skill level 19 in Unarmed Combat
 16874 | Lair:8   | Received a gift from Okawaru
 16929 | Lair:8   | Reached skill level 1 in Traps & Doors
 17433 | Lair:6   | Received a gift from Okawaru
 17579 | D:10     | Killed Snorg
 18718 | D:11     | Found a staircase to the Orcish Mines.
 18998 | D:11     | Reached skill level 5 in Traps & Doors
 19370 | D:12     | Found a sparkling altar of Nemelex Xobeh.
 19383 | D:12     | Reached skill level 1 in Armour
 20092 | D:13     | Found a staircase to the Lair.
 20106 | D:13     | the staircase to the Lair was a mimic.
 20129 | D:13     | Found a labyrinth entrance.
 20142 | D:13     | Found Goenoikh's Distillery.
 20178 | Lab      | Entered a Labyrinth
 20309 | Lab      | Got a glistering book
 20309 | Lab      | Got a pitted platinum ring
 20310 | Lab      | Got a ripped robe
 20319 | Lab      | Identified the +2 robe "Mnerheg" (You found it in a Labyrinth)
 20336 | Lab      | Identified Sif Muna's Disquisition on Changing and Clay (You found it in a Labyrinth)
 20337 | Lab      | Identified the ring of Pawunoank (You found it in a Labyrinth)
 20400 | D:13     | Bought a potion of restore abilities for 51 gold pieces
 20400 | D:13     | Bought a potion of confusion for 17 gold pieces
 20404 | D:13     | Bought a potion of paralysis for 17 gold pieces
 20404 | D:13     | Bought a potion of poison for 17 gold pieces
 20423 | D:13     | Found a bloodstained altar of Trog.
 20674 | D:13     | Received a gift from Okawaru
 20832 | D:13     | Reached skill level 5 in Armour
 20996 | D:13     | Noticed Mietzsche's ghost (experienced TrMo)
 21038 | D:13     | Killed Mietzsche's ghost
 21423 | Lair:1   | Identified 2 scrolls of acquirement
 21575 | Orc:1    | Entered Level 1 of the Orcish Mines
 21615 | Orc:1    | Found Edothad's General Store.
 21680 | Orc:1    | Reached XP level 14. HP: 112/126 MP: 16/16
 21811 | Orc:2    | Found Xoriw's Jewellery Shoppe.
 22023 | Orc:2    | Noticed Erica
 22033 | Orc:2    | Killed Erica
 22697 | Orc:4    | Entered Level 4 of the Orcish Mines
 22715 | Orc:4    | Received a gift from Okawaru
 22731 | Orc:4    | Found a staircase to the Elven Halls.
 22746 | Orc:4    | Found Vematem's General Store.
 22762 | Orc:4    | Noticed Nikola
 22887 | D:14     | Entered Level 14 of the Dungeon
 23034 | D:14     | Received a gift from Okawaru
 23092 | D:14     | Noticed Kirke
 23108 | D:14     | Killed Kirke
 23416 | D:14     | Noticed Nergalle
 23420 | D:14     | Killed Nergalle
 23456 | D:14     | Found a blossoming altar of Fedhas.
 23671 | D:14     | Noticed Josephine
 23677 | D:14     | Killed Josephine
 24133 | D:14     | Found Jutil's General Store.
 24142 | D:14     | Bought 4 +0 javelins for 48 gold pieces
 24142 | D:14     | Bought an apple for 12 gold pieces
 24244 | D:15     | Entered Level 15 of the Dungeon
 24305 | D:15     | Received a gift from Okawaru
 24917 | D:15     | Reached skill level 10 in Armour
 25093 | D:16     | Reached skill level 1 in Evocations
 26148 | D:17     | Noticed Norris
 26329 | D:17     | Noticed Rupert
 26513 | D:17     | Paralysed by Rupert for 2 turns
 26527 | D:17     | Killed Rupert
 26527 | D:17     | Reached skill level 5 in Evocations
 26600 | D:17     | Found a staircase to the Vaults.
 26716 | D:17     | Killed Norris
 26716 | D:17     | Reached XP level 15. HP: 126/133 MP: 17/17
 26778 | D:17     | Noticed a deep elf mage
 26779 | D:17     | Killed a deep elf mage
 26836 | D:17     | Noticed a deep elf mage
 26838 | D:17     | Noticed a deep elf summoner
 26841 | D:17     | Killed a deep elf summoner
 26844 | D:17     | Killed a deep elf mage
 27619 | D:18     | Received a gift from Okawaru
 28974 | D:14     | Bought a potion of confusion for 15 gold pieces
 28974 | D:14     | Bought a potion of curing for 30 gold pieces
 28974 | D:14     | Bought an uncursed amulet of clarity for 300 gold pieces
 29296 | Swamp:1  | Entered Level 1 of the Swamp
 29351 | Swamp:1  | Received a gift from Okawaru
 29612 | Swamp:1  | Received a gift from Okawaru
 30078 | Swamp:2  | Received a gift from Okawaru
 30262 | Swamp:2  | Noticed Agnes
 30276 | Swamp:2  | Killed Agnes
 30644 | Swamp:3  | Received a gift from Okawaru
 30892 | Swamp:3  | Received a gift from Okawaru
 31390 | Swamp:4  | Reached XP level 16. HP: 93/141 MP: 16/18
 31690 | Swamp:5  | Entered Level 5 of the Swamp
 32158 | Swamp:4  | Received a gift from Okawaru
 32174 | Swamp:4  | Reached skill level 10 in Evocations
 32584 | Swamp:5  | Got a decaying rune of Zot
 32899 | Shoals:1 | Entered Level 1 of the Shoals
 33376 | Shoals:2 | Found a flickering gateway to a bazaar. 33403
                  | bazaar
                  | Entered a bazaar 33434
                  | bazaar
                  | Found Eklufit's Magical Wand Shoppe. 33455
                  | bazaar
                  | Found Mauxku Neju's Assorted Antiques. 33581
                  | bazaar
                  | Found Struroudgh's Armour Boutique. 33632
                  | bazaar
                  | Bought a scroll of enchant weapon I for 137 gold pieces 33632
                  | bazaar
                  | Bought a green potion for 22 gold pieces 33651
                  | bazaar
                  | Bought a wand of heal wounds (4) for 720 gold pieces
 34280 | Shoals:2 | Got a sparkling steel ring
 34471 | Shoals:3 | Identified the ring of Dycver (You found it on level 2 of the Shoals)
 34871 | Shoals:4 | Noticed Wiglaf
 34895 | Shoals:4 | Killed Wiglaf
 35268 | Shoals:3 | Received a gift from Okawaru
 35296 | Shoals:3 | Noticed Ilsuiw
 35737 | Shoals:3 | Killed Ilsuiw
 36405 | Orc:4    | Killed Nikola
 36430 | Orc:4    | Noticed Urug
 36433 | Orc:4    | Killed Urug
 36524 | Orc:4    | Bought 2 potions of curing for 48 gold pieces
 36557 | Orc:4    | Noticed an orc high priest
 36567 | Orc:4    | Killed an orc high priest
 36605 | Orc:4    | Noticed an orc high priest
 36621 | Orc:4    | Noticed an orc high priest
 36622 | Orc:4    | Killed an orc high priest
 36633 | Orc:4    | Received a gift from Okawaru
 36635 | Orc:4    | Killed an orc high priest
 36806 | Orc:4    | Got a crystal demon blade {god gift}
 36811 | Orc:4    | Identified the demon blade of a Thousand Mice {god gift, drain, rC++ Int+3} (Okawaru gifted it to you on level 4 of the Orcish Mines)
 36822 | Orc:4    | Found Aqanyakk's Assorted Antiques.
 36822 | Orc:4    | Found Wiguag Usa's Magic Scroll Shoppe.
 37038 | Orc:4    | Noticed an orc high priest
 37044 | Orc:4    | Killed an orc high priest
 37124 | Orc:4    | Found a roughly hewn altar of Beogh.
 37158 | Orc:4    | Noticed an orc high priest
 37179 | Orc:4    | Killed an orc high priest
 37185 | Orc:4    | Reached XP level 17. HP: 117/150 MP: 18/18
 37278 | Orc:4    | Found Sawunor's Magical Wand Shop.
 37278 | Orc:4    | Found Tradaasm's Distillery.
 37322 | Orc:4    | Bought a wand of disintegration (3) for 140 gold pieces
 37332 | Orc:4    | Bought a potion of curing for 28 gold pieces
 37332 | Orc:4    | Bought a potion of curing for 28 gold pieces
 37386 | Orc:4    | Bought a vibrating cloak for 174 gold pieces
 37386 | Orc:4    | Bought a scroll labeled CUC PSEOPPAR for 29 gold pieces
 37386 | Orc:4    | Bought a small granite ring for 725 gold pieces
 37390 | Orc:4    | Identified the +3 cloak of Flash (You bought it in a shop on level 4 of the Orcish Mines)
 37490 | Orc:4    | Noticed an orc warlord
 37630 | Orc:4    | Received a gift from Okawaru
 37847 | Orc:4    | Found a bloodstained altar of Trog.
 38050 | Orc:4    | Killed an orc warlord
 38568 | Vault:1  | Entered Level 1 of the Vaults
 38612 | Vault:1  | Reached skill level 15 in Armour
 38715 | Vault:1  | Received a gift from Okawaru
 38985 | Vault:1  | Noticed Aizul
 39013 | Vault:1  | Killed Aizul
 39154 | Vault:1  | Found a glowing silver altar of Zin.
 39409 | Vault:1  | Received a gift from Okawaru
 39416 | Vault:1  | Identified a +2 cloak of preservation {god gift} (Okawaru gifted it to you on level 1 of the Vaults)
 39985 | Vault:2  | Found Ykla's Food Shop.
 40637 | Vault:2  | Found a frozen archway.
 41358 | Vault:2  | Reached XP level 16. HP: 85/143 MP: 17/18
 41760 | Vault:3  | Noticed a deep elf mage
 41775 | Vault:3  | Killed a deep elf mage
 42264 | Vault:4  | Found a staircase to the Crypt.
 42564 | Vault:4  | Got an ancient large shield
 42578 | Vault:4  | Identified the cursed -5 large shield "Sazirph" (You found it on level 4 of the Vaults)
 42930 | Vault:4  | Received a gift from Okawaru
 43806 | Vault:5  | Received a gift from Okawaru
 43887 | Vault:5  | Reached XP level 17. HP: 62/152 MP: 18/18
 44134 | Vault:5  | Found a staircase to the Hall of Blades.
 44727 | Vault:5  | Received a gift from Okawaru
 44921 | Vault:6  | Paralysed by a great orb of eyes for 2 turns
 45473 | Vault:6  | Received a gift from Okawaru
 45972 | Vault:7  | Received a gift from Okawaru
 46110 | Vault:7  | Found Twiy's Assorted Antiques.
 46469 | Vault:7  | Reached skill level 10 in Fighting
 46973 | Vault:7  | Noticed Mara
 47757 | Vault:7  | Noticed Daydreamer's illusion
 47922 | Vault:7  | Killed Mara
 48713 | D:19     | Noticed Frances
 48719 | D:19     | Killed Frances
 48719 | D:19     | Reached XP level 18. HP: 162/175 MP: 19/19
 48827 | D:19     | Received a gift from Okawaru
 48960 | D:19     | Received a gift from Okawaru
 49502 | D:20     | Entered Level 20 of the Dungeon
 49580 | D:20     | Reached skill level 10 in Shields
 49586 | D:20     | Found a glowing golden altar of the Shining One.
 49709 | D:20     | Found Saal's General Store.
 49743 | D:20     | Found Eciys' Jewellery Shop.
 49764 | D:20     | Found Jocsotae's General Store.
 49773 | D:20     | Bought a potion of heal wounds for 51 gold pieces
 49968 | D:20     | Noticed Frederick
 51218 | D:20     | Killed Frederick
 51659 | D:20     | Identified a +6 rod of destruction [lightning,fireball,iron] (13/13) (You found it on level 20 of the Dungeon)
 51700 | D:20     | Reached XP level 19. HP: 183/183 MP: 20/20
 52109 | D:22     | Found Siah's General Store.
 52115 | D:22     | Received a gift from Okawaru
 52291 | D:22     | Found Caujiang's Weapon Shop.
 52376 | D:22     | Found a one-way gate to the infinite horrors of the Abyss.
 52388 | D:22     | Found Idaigaum's Book Shop.
 53372 | D:22     | Found Suhijul's Antique Weapon Shoppe.
 53396 | D:22     | Suhijul's Antique Weapon Shoppe was a mimic.
 53420 | D:22     | Found a gateway to Hell.
 54069 | D:21     | Received a gift from Okawaru
 54200 | D:21     | Noticed Mennas
 54246 | D:21     | Killed Mennas
 54432 | D:21     | Paralysed by a giant eyeball for 3 turns
 54453 | D:21     | Reached XP level 20. HP: 193/193 MP: 20/20
 55148 | D:21     | Got a crude wizard hat {god gift}
 55168 | D:21     | Identified the +2 wizard hat of Wonder {god gift} (Okawaru gifted it to you on level 21 of the Dungeon)
 55536 | D:21     | Noticed an orcish scimitar
 55536 | D:21     | Noticed a glowing short sword
 55536 | D:21     | Noticed a runed orcish scimitar
 55551 | D:21     | Killed an orcish scimitar
 55552 | D:21     | Killed a glowing short sword
 55554 | D:21     | Killed a runed orcish scimitar
 55664 | D:21     | Noticed Maud
 55677 | D:21     | Killed Maud
 55721 | D:21     | Reached skill level 10 in Throwing
 55721 | D:21     | Reached XP level 21. HP: 195/195 MP: 21/21
 55724 | D:21     | Identified a +4 rod of warding (13/13) (You found it on level 21 of the Dungeon)
 56420 | Shoals:5 | Entered Level 5 of the Shoals
 56943 | Shoals:5 | Received a gift from Okawaru
 56966 | Shoals:5 | Got a barnacled rune of Zot
 57895 | D:13     | Noticed a spiny worm
 57903 | D:13     | Killed a spiny worm
 57906 | D:13     | Noticed a stone giant
 57916 | D:13     | Noticed a deep troll
 57919 | D:13     | Killed a stone giant
 57927 | D:13     | Killed a deep troll
 57949 | D:13     | Noticed a storm dragon
 57967 | D:13     | Killed a storm dragon
 58479 | D:23     | Received a gift from Okawaru
 58479 | D:23     | Reached XP level 22. HP: 196/204 MP: 21/21
 58717 | D:23     | Got a warped zirconium amulet
 58866 | D:23     | Found a radiant altar of Vehumet.
 58933 | D:23     | Received a gift from Okawaru
 59134 | D:23     | Noticed Boris
 59150 | D:23     | Reached XP level 21. HP: 74/194 MP: 20/21
 59157 | D:23     | HP: 5/194 [Boris/bolt of cold (27)]
 59842 | D:24     | Noticed a deep elf mage
 59856 | D:24     | Reached skill level 15 in Shields
 59928 | D:24     | Reached XP level 22. HP: 105/203 MP: 21/21
 59941 | D:24     | Killed a deep elf mage
 59942 | D:24     | Noticed a deep elf mage
 59949 | D:24     | Killed a deep elf mage
 60280 | D:24     | Received a gift from Okawaru
 60535 | D:24     | Received a gift from Okawaru
 60706 | D:24     | Noticed a shining eye
 60821 | D:24     | Identified the amulet "Thunugeh" (You found it on level 23 of the Dungeon)
 60875 | D:24     | Found a one-way gate leading to the halls of Pandemonium.
 61190 | D:25     | Entered Level 25 of the Dungeon
 61760 | D:25     | Reached skill level 20 in Unarmed Combat
 62071 | D:26     | Received a gift from Okawaru
 62570 | D:26     | Noticed Dragongem's ghost (mighty DsFi)
 62604 | D:26     | Killed Dragongem's ghost
 62728 | D:26     | Found a portal to a secret trove of treasure.
 63059 | D:26     | Received a gift from Okawaru
 63213 | D:26     | Noticed a pulsating lump
 63213 | D:26     | a hill giant changed into a pulsating lump
 63217 | D:26     | a pulsating lump changed into an anaconda
 63235 | D:26     | Noticed a quicksilver dragon
 63235 | D:26     | a stone giant changed into a quicksilver dragon
 63240 | D:26     | a quicksilver dragon changed into an iron troll
 63291 | D:26     | Noticed a pulsating lump
 63291 | D:26     | a slime creature changed into a pulsating lump
 63320 | D:26     | a pulsating lump changed into a lindwurm
 63480 | D:26     | Noticed a bone dragon
 63530 | D:26     | Killed a bone dragon
 63539 | D:26     | Noticed a pulsating lump
 63539 | D:26     | an eye of devastation changed into a pulsating lump
 63543 | D:26     | a pulsating lump changed into an anaconda
 63548 | D:26     | Reached XP level 23. HP: 98/212 MP: 22/22
 63551 | D:26     | Received a gift from Okawaru
 63558 | D:26     | Noticed a shining eye
 63558 | D:26     | a moth of wrath changed into a shining eye
 63559 | D:26     | a shining eye changed into a boulder beetle
 63582 | D:26     | Noticed a shining eye
 63582 | D:26     | a glowing shapeshifter changed into a shining eye
 63583 | D:26     | a shining eye changed into a merfolk
 63646 | D:26     | Noticed a pulsating lump
 63646 | D:26     | a cyclops changed into a pulsating lump
 63647 | D:26     | a pulsating lump changed into a merfolk
 64002 | D:27     | Entered Level 27 of the Dungeon
 64272 | D:27     | Reached skill level 21 in Unarmed Combat
 64390 | D:27     | Found a magical portal.
 64409 | WizLab   | Entered Doroklohe's Tomb
 64913 | D:27     | Received a gift from Okawaru
 65188 | D:27     | Noticed a quicksilver dragon
 65196 | D:27     | Killed a quicksilver dragon
 65243 | D:27     | Noticed a golden dragon
 65269 | D:27     | Killed a golden dragon
 66239 | Vault:7  | Bought a scroll of recharging for 203 gold pieces
 66239 | Vault:7  | Bought a potion of heal wounds for 111 gold pieces
 66272 | Vault:8  | Entered Level 8 of the Vaults
 66272 | Vault:8  | Noticed a deep elf high priest
 66370 | Vault:7  | Received a gift from Okawaru
 66791 | Vault:8  | Killed a deep elf high priest
 66844 | Vault:8  | Reached XP level 24. HP: 200/220 MP: 23/23
 66855 | Vault:8  | Reached skill level 22 in Unarmed Combat
 67382 | Vault:8  | Noticed a deep elf high priest
 67386 | Vault:8  | Killed a deep elf high priest
 67633 | Vault:8  | Noticed a guardian serpent
 67633 | Vault:8  | an elephant changed into a guardian serpent
 67645 | Vault:8  | Killed a guardian serpent
 67894 | Vault:8  | Reached XP level 23. HP: 205/211 MP: 21/22
 67978 | Vault:8  | Noticed a deep elf demonologist
 67978 | Vault:8  | Noticed a golden dragon
 68227 | Vault:8  | Got a silver rune of Zot
 68411 | Vault:8  | Noticed a golden dragon
 68435 | Vault:8  | Killed a golden dragon
 68515 | Vault:8  | Reached skill level 10 in Traps & Doors
 68649 | Vault:8  | Noticed a deep elf demonologist
 68651 | Vault:8  | Killed a deep elf demonologist
 68953 | Vault:8  | Noticed a shining eye
 68955 | Vault:8  | Killed a shining eye
 68990 | Vault:8  | Received a gift from Okawaru
 69013 | Vault:8  | Reached XP level 24. HP: 212/223 MP: 23/23
 69045 | Vault:8  | Noticed a golden dragon
 69063 | Vault:8  | Killed a golden dragon
 69243 | Vault:8  | Reached XP level 23. HP: 214/214 MP: 22/22
 69373 | Vault:8  | Killed a deep elf demonologist
 69381 | Vault:8  | Reached XP level 24. HP: 218/224 MP: 23/23
 69426 | Vault:8  | Killed a golden dragon
 69455 | Vault:8  | Got a crude bone ring
 69456 | Vault:8  | Identified the ring of Bidel (You found it on level 8 of the Vaults)
 70209 | Zot:1    | Entered Level 1 of the Realm of Zot
 70589 | Zot:1    | Noticed an orb of fire
 70590 | Zot:1    | Gained mutation: Your magical capacity is low (-10% MP).
 70594 | Zot:1    | Gained mutation: Your body is slowly deteriorating.
 70597 | Zot:1    | Gained mutation: You are agile (Dex +1).
 70604 | Zot:1    | Killed an orb of fire
 70604 | Zot:1    | Reached skill level 23 in Unarmed Combat
 71294 | Zot:1    | Got a twitching brass ring
 71295 | Zot:1    | Identified the ring of Shouhyev (You found it on level 1 of the Realm of Zot)
 71342 | Zot:1    | Noticed an orb of fire
 71348 | Zot:1    | Gained mutation: Your magical capacity is very low (-20% MP).
 71353 | Zot:1    | Gained mutation: You are dopey (Int -1).
 71358 | Zot:1    | Gained mutation: Armour fits poorly on your strangely shaped body.
 71363 | Zot:1    | Killed an orb of fire
 72296 | Zot:2    | Received a gift from Okawaru
 72542 | Zot:2    | Received a gift from Okawaru
 72659 | Zot:2    | Reached XP level 25. HP: 116/237 MP: 18/18
 73067 | Zot:2    | Reached skill level 24 in Unarmed Combat
 73259 | Zot:3    | Reached XP level 24. HP: 214/229 MP: 17/18
 73782 | Zot:3    | Reached XP level 25. HP: 189/238 MP: 18/18
 73925 | Zot:3    | Received a gift from Okawaru
 74253 | Zot:3    | Identified a +7 rod of summoning (9/9) (You found it on level 3 of the Realm of Zot)
 75366 | Zot:4    | Noticed an orb of fire
 75675 | Zot:5    | Entered Level 5 of the Realm of Zot
 75831 | Zot:5    | Noticed an orb of fire
 75838 | Zot:5    | Gained mutation: You occasionally shout uncontrollably.
 75839 | Zot:5    | Gained mutation: Your magical capacity is extremely low (-30% MP).
 75841 | Zot:5    | Lost mutation: Your body is slowly deteriorating.
 75842 | Zot:5    | Gained mutation: You tend to lose your temper in combat.
 75852 | Zot:5    | Gained mutation: You digest meat inefficiently.
 75854 | Zot:5    | Lost mutation: You are agile (Dex +1).
 75860 | Zot:5    | Killed an orb of fire
 75860 | Zot:5    | Reached skill level 25 in Unarmed Combat
 76002 | Zot:5    | Received a gift from Okawaru
 76434 | Zot:5    | Noticed an ancient lich
 76445 | Zot:5    | Killed an ancient lich
 76470 | Zot:5    | Received a gift from Okawaru
 76492 | Zot:5    | Reached XP level 26. HP: 108/253 MP: 1/16
 76644 | Zot:5    | Noticed an ancient lich
 76654 | Zot:5    | Killed an ancient lich
 76657 | Zot:5    | Noticed an ancient lich
 76680 | Zot:5    | Killed an ancient lich
 77452 | Zot:5    | Noticed an ancient lich
 77468 | Zot:5    | Killed an ancient lich
 77468 | Zot:5    | Reached skill level 26 in Unarmed Combat
 77540 | Zot:5    | Noticed an ancient lich
 77569 | Zot:5    | Reached skill level 15 in Fighting
 77574 | Zot:5    | Killed an ancient lich
 77594 | Zot:5    | Noticed an orb of fire
 77594 | Zot:5    | Gained mutation: Your vision is a little blurry.
 77604 | Zot:5    | Gained mutation: You are partially covered in molten scales (AC +1).
 77608 | Zot:5    | Gained mutation: You digest meat very inefficiently.
 77611 | Zot:5    | Gained mutation: Your body is slowly deteriorating.
 77612 | Zot:5    | Gained mutation: Your body is deteriorating.
 77623 | Zot:5    | Killed an orb of fire
 77731 | Zot:5    | Noticed an orb of fire
 77733 | Zot:5    | Gained mutation: You are weak (Str -1).
 77738 | Zot:5    | Gained mutation: You often lose your temper in combat.
 77747 | Zot:5    | Killed an orb of fire
 77752 | Zot:5    | Noticed an ancient lich
 77767 | Zot:5    | Killed an ancient lich
 77769 | Zot:5    | Noticed an ancient lich
 79356 | Zot:5    | Noticed an ancient lich
 79377 | Zot:5    | Killed an ancient lich
 79549 | Zot:5    | Reached XP level 25. HP: 185/247 MP: 14/16
 79557 | Zot:5    | Killed an ancient lich
 79801 | Zot:5    | Received a gift from Okawaru
 79831 | Zot:5    | Reached skill level 27 in Unarmed Combat
 79887 | Zot:5    | Got the Orb of Zot
 80086 | Zot:1    | Noticed Sathezag the pandemonium lord
 80209 | D:25     | Noticed Xoseofuss the pandemonium lord
 80473 | D:9      | Reached XP level 26. HP: 259/259 MP: 16/16
 80656 | D:4      | Noticed Xuos the pandemonium lord
 80679 | D:3      | Killed Xuos the pandemonium lord
 80755 | D:$      | Escaped with the Orb!
